[Event "Late-Titled-Tuesday-Blitz-February-20-2024"]
[Site "Chess.com"]
[Date "2024.02.20"]
[Round "9"]
[White "Balla_Tamas"]
[Black "Herman-NY"]
[Result "0-1"]
[WhiteElo "2390"]
[BlackElo "2516"]
[TimeControl "180+1"]
[EndTime "15:44:52 PST"]
[Termination "Herman-NY won by checkmate"]

1. e4 e5 2. Nf3 Nc6 3. d4 exd4 4.
Nxd4 Qf6 5. Nxc6 Bc5 6. Qe2 dxc6 7. Nc3 Ne7 8. Be3 Bb4 9. Bd2 O-O 10. g3 Ng6 11. Bg2 Qe6 12. O-O f5 13. a3 Bxc3 14. Bxc3 f4 15. Rad1 Bd7 16. f3 a5 17. g4 b6 18. Qf2 c5 19. h4 Bb5 20.
Rfe1 Rad8 21. h5 Ne5 22. Bf1 Bxf1 23. Qxf1 Rxd1 24. Rxd1 Nxg4 25. Qg2 Nf6 26. h6 g6 27. Qg5 c6 28. Qxf4 Nd5 29. exd5 Qe2 30. Qd2 Qxf3 31. Qg2 Qxd1+ 32. Kh2 Qh5+ 33. Kg1 Qd1+ 34. Kh2 Qh5+ 35. Kg1 Qxd5 36. Qg4 Qf5 37. Qc4+ Qf7 38. Qd3 Qf2+ 39. Kh1 Qf1+ 40. Qxf1 Rxf1+ 41. Kg2 Rc1 42. Kf3 Rxc2 43. Ke4 Kf7 44. Ke5 Ke7 45. Ke4 Rh2 46. Kd3 Ke6 47. Bg7 Rh3+ 48. Kc2 Kd5 49. Kb1 a4 50. Ka2 Kc4 51. Kb1 g5 52. Be5 g4 53. Kc2 Rf3 54.
Bc3 Rf2+ 55. Kb1 Kb3 56. Kc1 g3 57. Kd1 g2 58. Be1 Rxb2 59. Kc1 Rc2+ 60. Kd1 b5 61. Bd2 g1=Q+ 62. Be1 Qg4# 0-1

[Event "Late-Titled-Tuesday-Blitz-February-20-2024"]
[Site "Chess.com"]
[Date "2024.02.20"]
[Round "9"]
[White "vi_pranav"]
[Black "ContrVersia"]
[Result "1-0"]
[WhiteElo "3017"]
[BlackElo "2859"]
[TimeControl "180+1"]
[EndTime "15:44:53 PST"]
[Termination "vi_pranav won on time"]

1. e4 c5 2. Nf3 d6 3. Bb5+ Nd7 4. d4 cxd4 5. Qxd4 Nf6 6. c4 g6 7. O-O Bg7 8. Nc3 O-O 9. Bxd7 Bxd7 10. Qd3 Bc6 11. h3 a6 12. Nd4 Nd7 13. Be3 Rc8 14. b3 Qa5 15. Rac1 e6 16. Rfd1 Rfd8 17. Qb1 Nf6 18. a4 Be8 19. Nf3 Qc7 20. Bd4 b6 21. Qd3 Qb7 22. Qe3 Rb8 23. e5 dxe5 24. Bxe5 Rbc8 25.
Qf4 Nh5 26. Qh4 f6 27. Bh2 Bc6 28. Ne1 e5 29. Qg4 f5 30. Qe2 e4 31. Qe3 Rxd1 32.
Rxd1 f4 33. Qc1 Re8 34. Nd5 e3 35. fxe3 fxe3 36. Qc2 e2 37. Rd3 Qf7 38. Rf3 Bd4+ 39. Kh1 Qb7 40. Qd3 Bxd5 41. cxd5 Qxd5 42. Bg1 Rd8 43.
Bxd4 Qxd4 44. Qxe2 Qd5 45. Qxa6 Qe5 46. Qc4+ Kh8 47.
Nd3 Ng3+ 48. Kh2 Nf1+ 49. Kg1 1-0

[Event "Late-Titled-Tuesday-Blitz-February-20-2024"]
[Site "Chess.com"]
[Date "2024.02.20"]
[Round "9"]
[White "sergiochess83"]
[Black "Fonsofan"]
[Result "1-0"]
[WhiteElo "2917"]
[BlackElo "2692"]
[TimeControl "180+1"]
[EndTime "15:44:58 PST"]
[Termination "sergiochess83 won on time"]

1. d4 d6 2. e4 Nf6 3. f3 e5 4.
dxe5 dxe5 5. Qxd8+ Kxd8 6. Bc4 Be6 7. Bxe6 fxe6 8. Be3 Nbd7 9. Nd2 a6 10. Nb3 Bd6 11.
Nh3 Ke7 12. Nf2 Rhc8 13. Ke2 a5 14. a4 Nb8 15. c3 Nfd7 16. Rhd1 Na6 17. Nxa5 Nac5 18.
b4 Rxa5 19. bxa5 Ra8 20. Nd3 Nb3 21. Ra2 Nxa5 22. Rb1 b6 23. Nb4 Nc5 24. h4 Nab7 25. Bxc5 Nxc5 26. a5 b5 27. Kd2 Kd7 28. Kc2 c6 29.
Rd1 Kc7 30. Rda1 Ra7 31. Nd3 Nb7 32. h5 Ra6 33. c4 b4 34. Kb3 c5 35. g3 Kc6 36. f4 Ra8 37. Kc2 Ra6 38. Nxe5+ Bxe5 39. fxe5 Kd7 40. Rd1+ Ke7 41. Rda1 Nd8 42. Kd3 Nc6 43.
Ke3 Nxe5 44. Kf4 Nd3+ 45. Kg5 Ne5 46. h6 g6 47. Kf4 Nxc4 48. Rc2 Nd6 49. Rxc5 e5+ 50.
Rxe5+ Kd7 51. Rd5 Kc6 52. Rc1+ Kb7 53. Rb1 Kc6 54. Rxb4 Kc7 55. Rb6 1-0

[Event "Late-Titled-Tuesday-Blitz-February-20-2024"]
[Site "Chess.com"]
[Date "2024.02.20"]
[Round "9"]
[White "LeninGuerra"]
[Black "MarcoRiehle"]
[Result "1/2-1/2"]
[WhiteElo "2587"]
[BlackElo "2844"]
[TimeControl "180+1"]
[EndTime "15:45:03 PST"]
[Termination "Game drawn - insufficient material"]

1. e4 e5 2. Nf3 Nf6 3. d3 Nc6 4. Be2 Bc5 5. O-O d6 6. c3 h6 7. d4 Bb6 8. dxe5 dxe5 9. Qxd8+ Kxd8 10. Nbd2 Bg4 11. h3 Bxf3 12. Bxf3 Ke7 13. Nc4 Rhd8 14. b3 Rd3 15. Ba3+ Ke8 16. Rac1 Rad8 17. Rc2 g6 18. Be2 R3d7 19. Nxb6 axb6 20. f3 Nh5 21. Bc1 g5 22. Kf2 Nf4 23. g3 Nxe2 24. Kxe2 Ke7 25. Rd2 Rxd2+ 26.
Bxd2 f6 27. h4 gxh4 28. gxh4 h5 29. Rg1 Kf7 30. Bh6 Rg8 31. Rxg8 Kxg8 32. Ke3 Ne7 33. f4 exf4+ 34. Bxf4 c6 35. Bc7 b5 36. Kd4 Kf7 37. Kc5 Nc8 38. a4 bxa4 39. bxa4 Ke6 40. a5 Kd7 41. Bg3 Ke6 42. c4 Kd7 43. Bf4 Ke6 44. a6 bxa6 45. Kxc6 f5 46. exf5+ Kxf5 47. Bg5 a5 48. c5 a4 49. Kb7 a3 50.
Bc1 a2 51. Bb2 Ne7 52. c6 Kg4 53. c7 Kxh4 54. Bf6+ Kg3 55. Bxe7 a1=Q 56. c8=Q Qb2+ 57. Kc7 Qe5+ 58. Kd8 Qh8+ 59. Kd7 Qxc8+ 60. Kxc8 h4 61. Bxh4+ 1/2-1/2

[Event "Late-Titled-Tuesday-Blitz-February-20-2024"]
[Site "Chess.com"]
[Date "2024.02.20"]
[Round "9"]
[White "expii"]
[Black "rachidhuilda"]
[Result "1-0"]
[WhiteElo "2190"]
[BlackElo "2327"]
[TimeControl "180+1"]
[EndTime "15:45:03 PST"]
[Termination "expii won by resignation"]

1. e4 c6 2. d4 d5 3. f3 e6 4.
Nc3 Nf6 5. e5 Nfd7 6. f4 c5 7.
Nf3 Nc6 8. Be3 Qb6 9. Qd2 cxd4 10. Nxd4 Qa5 11. Be2 Bc5 12. O-O O-O 13. Rad1 Nxd4 14.
Bxd4 Bxd4+ 15. Qxd4 Qc5 16. Kh1 Qxd4 17. Rxd4 a6 18. Rd3 Nc5 19. Rh3 g6 20. Bd3 Bd7 21. g4 Rac8 22. f5 b5 23. fxe6 fxe6 24. Rxf8+ Rxf8 25. Kg1 Bc6 26. Ne2 Bd7 27. a3 Kg7 28.
c3 Bc8 29. Bc2 Nd7 30. Re3 Nc5 31. Nd4 Bd7 32. h3 Rf4 33. Kg2 Nb7 34. Nb3 Bc8 35. Rf3 Rxf3 36. Kxf3 Kf7 37. Ke3 Ke7 38. h4 Bd7 39. h5 gxh5 40. gxh5 h6 41. Bg6 a5 42. Nd4 Nc5 43. b4 axb4 44. axb4 Na4 45. Kd2 Nb2 46. Bd3 Nc4+ 47. Bxc4 dxc4 48. Ke3 Be8 49. Kf4 Bxh5 50. Nxb5 Be2 51. Nd6 h5 52. b5 Kd7 53. b6 Kc6 54. b7 Kc7 55. Ke3 Bg4 56. Kf4 Bd1 57. Kg5 Bf3 58.
Nxc4 Bxb7 59. Kxh5 Bd5 60. Nd6 Kc6 61. c4 Be4 62. Kg5 Kc5 63. Kf6 Bf5 64. Nxf5 exf5 65. Kxf5 Kxc4 66. e6 Kd5 67. e7 Kd6 68. e8=Q 1-0

[Event "Late-Titled-Tuesday-Blitz-February-20-2024"]
[Site "Chess.com"]
[Date "2024.02.20"]
[Round "9"]
[White "vovachesss"]
[Black "jcibarra"]
[Result "0-1"]
[WhiteElo "2791"]
[BlackElo "2937"]
[TimeControl "180+1"]
[EndTime "15:45:04 PST"]
[Termination "jcibarra won on time"]

1. e4 c5 2. Nf3 Nc6 3. c3 Nf6 4. e5 Nd5 5. Bc4 Nb6 6. Bb3 g6 7. O-O Bg7 8. Re1 O-O 9. d3 d5 10. exd6 Qxd6 11. Na3 Bf5 12. Be3 Rad8 13. d4 cxd4 14.
Nb5 Qb8 15. Nbxd4 Nxd4 16. Bxd4 Bg4 17. Rxe7 Bxd4 18. cxd4 Nd5 19. Re4 Nf6 20. Re7 Nd5 21. Re5 Nf6 22. h3 Bxf3 23. Qxf3 Qd6 24. Rae1 Rd7 25. g4 Kg7 26. d5 Rc7 27. Kg2 a5 28.
a3 b5 29. a4 bxa4 30. Bxa4 Rc4 31. Bc6 Rb4 32. R1e2 Rxb2 33. Qc3 Rxe2 34. Rxe2 Kg8 35.
Qxa5 Rd8 36. Rd2 h5 37. Qa4 hxg4 38. hxg4 Qe5 39. Qd4 Qg5 40. f3 Nh5 41. Qf2 Nf4+ 42. Kf1 Qe5 43. Qd4 Qg5 44. d6 Ne6 45. Qc3 Rb8 46. d7 Qh4 47. d8=Q+ Nxd8 48. Bd5 Rb1+ 49. Ke2 Qh2+ 50. Kd3 Qf4 51. Qd4 Qc7 52. Qe4 Nb7 53. Qxg6+ Kf8 54. Qh6+ Kg8 55. Qg6+ Kf8 56. Qh6+ Ke8 57.
Re2+ Kd7 0-1

[Event "Late-Titled-Tuesday-Blitz-February-20-2024"]
[Site "Chess.com"]
[Date "2024.02.20"]
[Round "9"]
[White "Cambek64"]
[Black "nindjaxx8"]
[Result "1-0"]
[WhiteElo "2453"]
[BlackElo "2602"]
[TimeControl "180+1"]
[EndTime "15:45:04 PST"]
[Termination "Cambek64 won on time"]

1. e4 e6 2. d4 d5 3. Nc3 Bb4 4. e5 c5 5. Bd2 Ne7 6. Nb5 Bxd2+ 7. Qxd2 O-O 8. c3 cxd4 9. cxd4 Nbc6 10. O-O-O a6 11. Nd6 Nf5 12. Nxf5 exf5 13. f4 Be6 14. Nf3 Rc8 15. Kb1 Qb6 16. Be2 Na5 17. Rc1 Rcd8 18.
b3 Nc6 19. Qc3 a5 20. Qc5 Qc7 21. Bb5 Rc8 22. a3 Rfd8 23. Rc2 Qb8 24. Qb6 Na7 25. Rhc1 Rxc2 26. Rxc2 Nxb5 27. Qxb5 Rc8 28. Rxc8+ Qxc8 29. Qc5 Qd8 30. Kb2 h6 31. g3 Kh7 32. h4 a4 33.
bxa4 Qa8 34. a5 Qa6 35. Qc3 Qb5+ 36. Kc1 Qf1+ 37. Ne1 Bd7 38. Kb2 Ba4 39. Nc2 Qg2 40. Kc1 Bxc2 41. Qxc2 Qxg3 42. Qb2 Qxf4+ 43. Kc2 Qe4+ 44.
Kc3 f4 45. Qxb7 Qe3+ 46. Kb4 Qxd4+ 47. Kb5 f3 48. Qxf7 Qc4+ 49. Kb6 Qe4 50. e6 Qg6 51. a6 Qxf7 52. exf7 f2 53. f8=Q Kg6 54. Qxf2 Kh7 55. Qf7 1-0

[Event "Late-Titled-Tuesday-Blitz-February-20-2024"]
[Site "Chess.com"]
[Date "2024.02.20"]
[Round "9"]
[White "Sanyura"]
[Black "maroro07"]
[Result "1/2-1/2"]
[WhiteElo "2611"]
[BlackElo "2440"]
[TimeControl "180+1"]
[EndTime "15:45:10 PST"]
[Termination "Game drawn - insufficient material"]

1. e4 c5 2. Nf3 e6 3. d4 cxd4 4. Nxd4 Nc6 5. Nc3 a6 6. Nxc6 bxc6 7. Bd3 d5 8. O-O Nf6 9. Qf3 Bd6 10. Re1 Qc7 11. Bg5 d4 12. Ne2 Bxh2+ 13. Kh1 Be5 14. Qh3 h6 15. f4 hxg5 16. Qxh8+ Ke7 17. fxe5 Qxe5 18. Qh2 Qc5 19. Qg3 Bd7 20. e5 Rh8+ 21. Kg1 Nd5 22. Qxg5+ Ke8 23. Ng3 f5 24. exf6 gxf6 25.
Qg7 Rf8 26. Ne4 Qe7 27. Qxe7+ Kxe7 28. Nf2 Kd6 29. Ne4+ Kc7 30. Rf1 f5 31. Nc5 Bc8 32.
Rae1 Kd6 33. Nxa6 Bxa6 34. Bxa6 Ne3 35. Rf2 Ra8 36. Bd3 Rxa2 37. b3 c5 38. g3 Kd5 39.
Rh2 Kd6 40. Rh6 Ke5 41. Rh8 Kd6 42. Kf2 e5 43. Kf3 e4+ 44. Bxe4 fxe4+ 45. Kxe4 Rxc2 46.
Rh6+ Kc7 47. Ra1 Re2 48. Ra7+ Kb8 49. Rg7 Ng4+ 50. Kf3 Nxh6 51. Kxe2 Nf5 52. Rg5 Nd6 53. Rxc5 Kb7 54. Rd5 Ne4 55. g4 Nc3+ 56. Kd3 Nxd5 57. Kxd4 Kc6 58. g5 Kd6 59. Ke4 Ke6 60. g6 Ne7 61. g7 Kf7 62. Ke5 Kxg7 63. Kd6 Kf8 64. b4 Ke8 65. Kc7 Nd5+ 66. Kc6 Nxb4+ 1/2-1/2

[Event "Late-Titled-Tuesday-Blitz-February-20-2024"]
[Site "Chess.com"]
[Date "2024.02.20"]
[Round "9"]
[White "Rud_Makarian"]
[Black "DrVelja"]
[Result "0-1"]
[WhiteElo "3071"]
[BlackElo "2998"]
[TimeControl "180+1"]
[EndTime "15:45:20 PST"]
[Termination "DrVelja won on time"]

1. d4 Nf6 2. c4 g6 3. Nc3 Bg7 4. e4 d6 5. Be2 O-O 6. Nf3 e5 7. O-O h6 8. Qc2 Re8 9. dxe5 dxe5 10. Rd1 Nbd7 11. h3 Nh5 12. Be3 Nf4 13. Bf1 c6 14. c5 Qe7 15. b4 Nf8 16. Rd6 N8e6 17. Rad1 Nc7 18. Kh2 a6 19. a4 Nfe6 20. Bc4 Kh7 21. Qb3 Rf8 22. b5 axb5 23. axb5 f5 24. b6 Nd4 25.
Nxd4 exd4 26. Bxd4 Bxd4 27. R6xd4 Qe5+ 28. Kg1 Ne6 29. Bxe6 Bxe6 30. Qb4 f4 31. f3 Qg5 32.
Kf1 Qh4 33. Ne2 Ra2 34. Rd7+ Bxd7 35. Rxd7+ Kh8 36. Qd4+ Qf6 37. Qxf6+ Rxf6 38. Rxb7 Rb2 39. Rc7 Rf8 40. Rxc6 Ra8 41. b7 Rxb7 42. Nxf4 Rb2 43. Ne2 Ra1+ 44. Kf2 Raa2 45. Rxg6 Rxe2+ 46. Kg1 Kh7 47. Rg4 Rec2 48. Kh2 Rxc5 49. h4 Rc6 50. h5 Rc5 51.
Kg3 Rxh5 52. f4 Rb5 53. Kh3 Rb7 54. e5 Rg7 55. g3 h5 56. Rh4 Kh6 57. f5 Ra3 58. Rf4 Rgxg3+ 59. Kh2 Rgf3 60. Rxf3 Rxf3 0-1

[Event "Late-Titled-Tuesday-Blitz-February-20-2024"]
[Site "Chess.com"]
[Date "2024.02.20"]
[Round "9"]
[White "Eloist"]
[Black "NCchamp"]
[Result "1/2-1/2"]
[WhiteElo "2467"]
[BlackElo "2343"]
[TimeControl "180+1"]
[EndTime "15:45:21 PST"]
[Termination "Game drawn by repetition"]

1. e4 c6 2. Nf3 d5 3. d3 dxe4 4. dxe4 Qxd1+ 5. Kxd1 Bg4 6. Nd2 Nd7 7. h3 Bh5 8. g4 Bg6 9. Nh4 e5 10. Nf5 Bxf5 11. exf5 f6 12. c3 a5 13. Kc2 Nc5 14. a4 Bd6 15. Nc4 Bc7 16. Be3 Nd7 17. Rd1 Ne7 18.
Bg2 h5 19. Nd6+ Bxd6 20. Rxd6 hxg4 21. hxg4 Rxh1 22. Bxh1 Nc8 23. Rd1 Ke7 24. Bf3 Ncb6 25. b3 Rd8 26. Rh1 Rg8 27. Rh7 Nd5 28. Bd2 Nc5 29. g5 e4 30. Be2 Nd7 31. Bc4 fxg5 32. Bxg5+ N7f6 33. Rh4 Kd6 34. Bxd5 cxd5 35. c4 Ke5 36. cxd5 Nxd5 37. Bd2 Kxf5 38. Rh5+ Ke6 39. Bxa5 Rf8 40. Be1 Rc8+ 41. Kb2 Nf4 42. Rg5 Nd3+ 43. Ka3 Nxe1 44. Rxg7 b6 45. Rg6+ Kd5 46. Rxb6 Rc2 47. a5 Rxf2 48. a6 Nc2+ 49. Ka4 Nd4 50. Kb4 Ra2 51.
Rh6 Nc6+ 52. Kb5 Nd4+ 53. Kb6 Rb2 54. Rh5+ Kd6 55. Rh6+ Ne6 56. a7 Rxb3+ 57. Ka6 Ra3+ 58. Kb7 Rb3+ 59. Ka6 Ke5 60. Rh5+ Kd6 61. Rh6 1/2-1/2

[Event "Late-Titled-Tuesday-Blitz-February-20-2024"]
[Site "Chess.com"]
[Date "2024.02.20"]
[Round "9"]
[White "Genghis_K"]
[Black "BogdanDeac"]
[Result "0-1"]
[WhiteElo "2951"]
[BlackElo "3052"]
[TimeControl "180+1"]
[EndTime "15:45:22 PST"]
[Termination "BogdanDeac won on time"]

1. e4 e5 2. Nf3 Nf6 3. d4 Nxe4 4.
Bd3 Nc6 5. O-O d5 6. dxe5 Bg4 7. Nc3 Nxc3 8. bxc3 Bc5 9. Rb1 Bb6 10. h3 Bh5 11. Re1 Qd7 12. Bg5 h6 13. Bh4 Qe6 14. g4 Bg6 15. Nd4 Nxd4 16. cxd4 Bxd3 17. Qxd3 h5 18. g5 Qg6 19. Rbd1 O-O-O 20. f4 Qxd3 21.
Rxd3 g6 22. c3 c5 23. Bf2 c4 24. Rf3 Ba5 25. Rb1 a6 26. Be1 h4 27. Bd2 Rd7 28. f5 gxf5 29. Rxf5 b5 30. Rf6 Ra7 31. Rbf1 Rh7 32.
Kh2 Bd8 33. Rd6 Rd7 34. Rxa6 Kb7 35. e6 fxe6 36. Rxe6 Bc7+ 37. Kg2 Rde7 38. Rfe1 Ref7 39. g6 Rhg7 40. Bh6 Rg8 41. Rf1 Rh7 42. Bg5 Rhg7 43.
Rff6 Bd8 44. Rf7+ Rxf7 45. gxf7 Rxg5+ 46. Kh1 Rf5 47. Re8 Rxf7 48. Rxd8 Rf3 49. Rxd5 Rxh3+ 50. Kg2 Rg3+ 51. Kf2 Kb6 52. Rd6+ Ka5 53. Rd8 Rxc3 54. d5 Rd3 55. a3 Ka4 56. d6 Kxa3 57. Ke2 Kb4 58.
d7 h3 59. Kf2 h2 60. Kg2 Rd2+ 61.
Kh1 Kc3 62. Rb8 Rxd7 63. Rxb5 Rg7 64. Rb1 Kd2 65. Rb2+ Kc1 0-1

[Event "Late-Titled-Tuesday-Blitz-February-20-2024"]
[Site "Chess.com"]
[Date "2024.02.20"]
[Round "9"]
[White "aghasiyevkamal"]
[Black "Slovineanu"]
[Result "1/2-1/2"]
[WhiteElo "2626"]
[BlackElo "2458"]
[TimeControl "180+1"]
[EndTime "15:45:23 PST"]
[Termination "Game drawn - insufficient material"]

1. d4 Nf6 2. c4 e6 3. Nf3 d5 4. Nc3 c5 5. cxd5 Nxd5 6. e4 Nxc3 7. bxc3 cxd4 8. cxd4 Bb4+ 9. Bd2 Bxd2+ 10. Qxd2 O-O 11.
Bd3 Nc6 12. Bc2 Qa5 13. Qxa5 Nxa5 14. O-O b6 15. Rfc1 Bb7 16. Bd3 Rac8 17. Kf1 Rxc1+ 18.
Rxc1 Rc8 19. Rxc8+ Bxc8 20. Ke2 Kf8 21. h4 Ke7 22.
Ke3 f6 23. h5 h6 24. Nd2 Kd6 25.
f4 e5 26. fxe5+ fxe5 27. d5 Bd7 28. Be2 b5 29. Kd3 Nb7 30. Kc3 a5 31. a3 Nc5 32.
Bf3 Na4+ 33. Kd3 Nc5+ 34. Kc2 Be8 35. Nf1 b4 36. axb4 axb4 37. Ne3 Ba4+ 38. Kb1 Nd3 39. Nf5+ Kc5 40. Nxg7 b3 41. Ne6+ Kb4 42. Be2 Nc5 43.
Nxc5 Kxc5 44. Kb2 Kd4 45. d6 Kc5 46. d7 Bxd7 47. Kxb3 Kd4 48. Kb4 Kxe4 49. Kc5 Ke3 50. Bd1 Bf5 51. Kd6 e4 52. Ke5 Bh7 53. Kf6 Kd2 54. Bg4 e3 55. Kg7 Bf5 56. Bf3 Be4 57. Bg4 Bf5 58. Bf3 Be4 59. Bg4 Bxg2 60. Kxh6 Ke1 61. Kg5 Kf2 62. h6 Bf3 63. h7 e2 64.
h8=Q e1=Q 65. Qh4+ Kf1 66. Qh3+ Bg2 67. Qh4 Qxh4+ 68.
Kxh4 1/2-1/2

[Event "Late-Titled-Tuesday-Blitz-February-20-2024"]
[Site "Chess.com"]
[Date "2024.02.20"]
[Round "9"]
[White "maxip32"]
[Black "Bilan_Danila"]
[Result "1-0"]
[WhiteElo "2652"]
[BlackElo "2473"]
[TimeControl "180+1"]
[EndTime "15:45:28 PST"]
[Termination "maxip32 won by resignation"]

1. e4 c6 2. d4 d5 3. e5 c5 4.
Nf3 Nc6 5. c4 e6 6. Nc3 Nge7 7.
dxc5 Ng6 8. cxd5 exd5 9. Bb5 Bxc5 10. Qxd5 Qb6 11. O-O Be6 12. Qe4 O-O 13. h4 Nge7 14.
Bd3 Bf5 15. Qe2 Bxd3 16. Qxd3 Rad8 17. Qe4 Qb4 18. a3 Qxe4 19. Nxe4 Bd4 20. Bg5 h6 21. Bxe7 Nxe7 22. Nxd4 Rxd4 23. Rfe1 Ng6 24. Nd6 b6 25. h5 Nf4 26. Nf5 Rd2 27. b4 Nxh5 28. Re4 g6 29. Nxh6+ Kg7 30. Ng4 Rc8 31. Ne3 Kg8 32. e6 fxe6 33. Rxe6 Kf7 34. Re5 Kf6 35. Rd5 Rxd5 36.
Nxd5+ Ke5 37. Ne3 Nf4 38. g3 Ne2+ 39. Kg2 Nd4 40. Re1 Kd6 41. Rd1 Ke5 42. Ng4+ Ke4 43.
Nf6+ Ke5 44. Nd7+ Ke4 45. f3+ Nxf3 46. Nf6+ Ke5 47. Ng4+ Ke4 48. Nf2+ Ke3 49. Rd3+ Ke2 50. Rxf3 Rc2 51. Rf6 a5 52. bxa5 bxa5 53. Rxg6 Ke3 54. Re6+ Kd4 55. Ra6 Rc5 56. Rd6+ Kc4 57. Ne4 Re5 58.
Kf3 Kb3 59. Rd3+ Kc2 60. Re3 a4 61. g4 Rb5 62. g5 Rb6 63. Kf4 Kb2 64. Kf5 Rb3 65.
Rxb3+ axb3 66. Nc5 Kxa3 67. Nxb3 Kxb3 68. g6 1-0

[Event "Late-Titled-Tuesday-Blitz-February-20-2024"]
[Site "Chess.com"]
[Date "2024.02.20"]
[Round "9"]
[White "dosto07"]
[Black "Mikhail_Golubev"]
[Result "0-1"]
[WhiteElo "2487"]
[BlackElo "2607"]
[TimeControl "180+1"]
[EndTime "15:45:30 PST"]
[Termination "Mikhail_Golubev won by checkmate"]

1. e4 c5 2. Nf3 Nc6 3. Bb5 d6 4. d4 cxd4 5. Qxd4 Bd7 6. Bxc6 Bxc6 7. Nc3 Nf6 8. Bg5 e6 9. O-O-O Be7 10. Rhe1 O-O 11. Kb1 Qc7 12. Qd2 Rfc8 13. Nd4 a6 14.
f3 b5 15. g4 Rab8 16. Nce2 b4 17. Ng3 Be8 18. Nh5 Nxh5 19. gxh5 f6 20. Be3 Bxh5 21. Qg2 Bf7 22. Rg1 Bf8 23. Bh6 g6 24. Bxf8 Kxf8 25. Qh3 e5 26. Ne6+ Bxe6 27. Qxe6 Kg7 28. Rg2 Rd8 29. Rgd2 Rb6 30. h4 Rc6 31. Qb3 h5 32.
Rg2 a5 33. Rdg1 g5 34. hxg5 f5 35. exf5 Rc8 36. g6 a4 37. Qe6 Rf8 38. Rd2 Rf6 39. Qd5 Rc5 40. Qe4 b3 41. axb3 axb3 42. Rc1 Ra5 43.
cxb3 Ra1+ 44. Kxa1 Qxc1+ 45. Ka2 d5 46. Qd3 Qc8 47.
Rc2 Ra6+ 48. Kb1 Qb7 49. Kc1 Ra1+ 50. Kd2 Qb4+ 51. Qc3 Qf4+ 52. Qe3 Rd1+ 53. Kxd1 Qxe3 54. Re2 Qg1+ 55. Kc2 Kf6 56. b4 d4 57. g7 Qxg7 58. b5 Qc7+ 59. Kb3 Qb6 60. Kc4 d3 61. Kxd3 Qd4+ 62. Kc2 Qc4+ 63. Kd2 Qxb5 64. Re4 Qxb2+ 65. Kd3 Qb3+ 66. Ke2 Qc2+ 67. Ke3 Qh2 68. Rb4 Kxf5 69. Rb8 Qf4+ 70. Ke2 Qc4+ 71. Kf2 Qd4+ 72. Kg2 Qd2+ 73. Kg3 h4+ 74. Kxh4 Qh2# 0-1

[Event "Late-Titled-Tuesday-Blitz-February-20-2024"]
[Site "Chess.com"]
[Date "2024.02.20"]
[Round "9"]
[White "IMRosen"]
[Black "Vasily85"]
[Result "0-1"]
[WhiteElo "2660"]
[BlackElo "2474"]
[TimeControl "180+1"]
[EndTime "15:45:33 PST"]
[Termination "Vasily85 won by checkmate"]

1. d4 Nf6 2. Bf4 e6 3. e3 c5 4.
Nf3 Nc6 5. Nc3 cxd4 6. exd4 Bb4 7.
Bd3 O-O 8. h4 d6 9. h5 e5 10.
dxe5 dxe5 11. Bd2 e4 12. Nxe4 Nxe4 13. Bxb4 Nxb4 14. Bxe4 Qe7 15. Qe2 Re8 16. O-O-O Bf5 17. Rhe1 Qxe4 18. Qxe4 Bxe4 19. Nd4 Nc6 20. Nb5 Bxg2 21.
Rg1 Bf3 22. Rd7 Ne5 23. Rd4 Rad8 24. h6 g6 25. Rf4 Bc6 26. Nd4 Kf8 27. b3 f5 28. Kb2 Ng4 29. Rgxg4 Rxd4 30. Rxd4 fxg4 31. Rxg4 Re2 32. Rf4+ Ke7 33. Kc3 Be4 34. Kd4 Bxc2 35. b4 Bb1 36. a4 Rd2+ 37. Kc3 Rd6 38. b5 Bf5 39. a5 b6 40. a6 Rd5 41. Kb4 Re5 42. Rc4 Re4 43. Rxe4+ Bxe4 44. Kc4 Bc2 45. Kd4 Bd1 46. Ke3 Kd6 47. Kd4 Bf3 48. Kc4 Bd5+ 49. Kd4 Be6 50. Kc3 Kc5 51. Kd3 Bf5+ 52. Ke3 Kxb5 53.
Kf4 Bc2 54. Kg5 Kxa6 55. f4 b5 56. Kf6 b4 57. Kg7 g5 58. fxg5 Bg6 59. Kf6 b3 60. Kg7 b2 61. Kh8 b1=Q 62. Kg7 Qb7+ 63. Kf6 Qc6+ 64. Ke5 Qh1 65. Kf6 Kb5 66. Kg7 a5 67. Kf6 a4 68. Ke5 a3 69. Kf6 a2 70. Ke6 Qe4+ 71.
Kd7 Qd4+ 72. Ke6 Qe4+ 73. Kf6 Kc4 74. Kg7 a1=Q+ 75. Kg8 Qaa8+ 76. Kg7 Qab7+ 77. Kf6 Qf5# 0-1

[Event "Late-Titled-Tuesday-Blitz-February-20-2024"]
[Site "Chess.com"]
[Date "2024.02.20"]
[Round "9"]
[White "DefiantChair"]
[Black "Kosak12"]
[Result "0-1"]
[WhiteElo "2612"]
[BlackElo "2808"]
[TimeControl "180+1"]
[EndTime "15:45:36 PST"]
[Termination "Kosak12 won by checkmate"]

1. e4 e6 2. d4 d5 3. Nd2 c5 4.
exd5 Qxd5 5. Ngf3 cxd4 6. Bc4 Qd7 7. O-O Nc6 8. Nb3 a6 9. Nbxd4 Nxd4 10. Nxd4 b5 11. Bb3 Bb7 12. Re1 Nf6 13. Bg5 Be7 14. c3 Ne4 15. Bxe7 Qxe7 16. Qg4 h5 17. Qf4 e5 18.
Bxf7+ Kf8 19. Qf5 Qxf7 20. Qxe5 Re8 21. Qf5 Qxf5 22. Nxf5 g6 23. Ne3 Kf7 24. Re2 Rd8 25.
Rae1 Rhe8 26. Nc2 Nc5 27. Nd4 Rxe2 28. Rxe2 Re8 29. Rxe8 Kxe8 30. f3 Na4 31. c4 bxc4 32. b3 cxb3 33. axb3 Nc5 34. Kf2 Ke7 35. Ke3 Bd5 36. b4 Ne6 37. Nc2 Kd6 38. g3 Bc6 39. f4 Nc7 40. Kd4 Bd5 41. Ne3 Nb5+ 42. Kd3 Be6 43.
Ke4 Na7 44. Kd4 Nc6+ 45. Kc3 Bf7 46. f5 g5 47. f6 Ke6 48. Nc4 Kxf6 49. Nd6 Be6 50.
Ne4+ Kg6 51. Nc5 Bc8 52. Kc4 Kf5 53. b5 Ne5+ 54. Kd5 axb5 55. Kd4 Nf3+ 56. Ke3 Nxh2 57. Ne4 Ng4+ 58. Kd4 Be6 59. Nd6+ Kg6 60. Nxb5 Bd7 61. Nc3 Nh6 62. Ke3 Nf5+ 63. Kf2 Bc6 64. Ne2 Kf6 65. Ng1 Nd4 66. Nh3 Kf5 67. Ng1 g4 68. Ke3 Ke5 69. Kf2 Bb5 70. Ke3 Nf5+ 71. Kf2 Ke4 72. Kg2 Ke3 73. Kh2 Kf2 74. Kh1 Nxg3+ 75. Kh2 Nf1+ 76.
Kh1 Bc6+ 77. Nf3 Bxf3# 0-1

[Event "Late-Titled-Tuesday-Blitz-February-20-2024"]
[Site "Chess.com"]
[Date "2024.02.20"]
[Round "9"]
[White "dennisodessa"]
[Black "krzyzan94"]
[Result "0-1"]
[WhiteElo "2581"]
[BlackElo "2776"]
[TimeControl "180+1"]
[EndTime "15:45:36 PST"]
[Termination "krzyzan94 won on time"]

1. d4 Nf6 2. c4 d6 3. Nc3 e5 4. d5 a5 5. e4 Na6 6. Bd3 Nc5 7. Bc2 Be7 8. Nge2 O-O 9. O-O Nh5 10. Rb1 Bg5 11.
Bxg5 Qxg5 12. a3 Nf4 13. Nxf4 exf4 14. f3 Nd7 15. Nb5 Qd8 16. Qd2 Ne5 17. Qxf4 Nxc4 18.
Rfc1 Bd7 19. Bd3 Ne5 20. Be2 Bxb5 21. Bxb5 c6 22. Bf1 cxd5 23. exd5 Qb6+ 24. Kh1 Rac8 25.
b4 axb4 26. Qxb4 Qxb4 27. axb4 f5 28. f4 Ng4 29. Bb5 Nf6 30. g3 Kf7 31. Re1 Rc7 32. Re6 Nxd5 33. Rbe1 Nc3 34. Be8+ Kg8 35. Rxd6 Ne4 36.
Re6 Rc2 37. Bh5 Rd8 38. Bf3 Rdd2 39. Bxe4 Rxh2+ 40. Kg1 fxe4 41. R6xe4 h6 42. Re7 Rcg2+ 43. Kf1 Rxg3 44. Rxb7 Rb3 45. Kg1 Rbb2 46. Ree7 Rhg2+ 47. Kf1 h5 48. Re5 h4 49. Rg5 Rxg5 50. fxg5 h3 51. Kg1 Rg2+ 52. Kh1 Kh7 53. b5 Kg6 54. b6 Rb2 55.
Rb8 Kxg5 56. b7 g6 57. Rh8 Rb1+ 58. Kh2 Rxb7 59. Rxh3 Rb2+ 60. Kh1 Kf4 61. Rc3 g5 62. Kg1 Kg4 63. Rc4+ Kh3 64. Rc3+ Kh4 65. Rc4+ g4 66.
Rc3 Ra2 67. Rd3 Ra7 68. Rb3 Rf7 69. Kg2 Re7 70. Rc3 Re2+ 71. Kg1 Ra2 72. Rb3 Ra4 73. Kg2 g3 0-1

[Event "Late-Titled-Tuesday-Blitz-February-20-2024"]
[Site "Chess.com"]
[Date "2024.02.20"]
[Round "9"]
[White "Fh2411"]
[Black "Sargsyan_Shant"]
[Result "0-1"]
[WhiteElo "2618"]
[BlackElo "2908"]
[TimeControl "180+1"]
[EndTime "15:45:43 PST"]
[Termination "Sargsyan_Shant won by resignation"]

1. d4 d6 2. Nf3 Nf6 3. Bf4 g6 4.
e3 Bg7 5. h3 O-O 6. Be2 c5 7. c3 Qb6 8. Qb3 Nc6 9. Nbd2 Be6 10. Qxb6 axb6 11. a3 Nd5 12. Bh2 Nc7 13.
O-O Rfc8 14. Rfe1 h6 15. Rac1 Na5 16. e4 Bd7 17. d5 Ba4 18. Bd1 Bxd1 19. Rcxd1 c4 20.
Nf1 Na6 21. e5 Bf8 22. Nd4 Nc7 23. Nc2 Nb3 24. Nb4 Nc5 25. Ne3 b5 26. Nec2 Na4 27. Rb1 Rd8 28. exd6 exd6 29. Nd4 Nb6 30. Rbd1 Rd7 31.
Re2 Bg7 32. Kf1 Na4 33. Nf3 Na6 34. Nxa6 bxa6 35. Ke1 Nc5 36. Kd2 a5 37. Kc2 b4 38.
axb4 axb4 39. cxb4 Nd3 40. Rxd3 cxd3+ 41. Kxd3 Rb8 42.
Re4 Bxb2 43. Ne1 Be5 44. Bxe5 f5 45. Rc4 dxe5 46. Rc5 Rxb4 47. Nc2 Rb2 48. Kc3 Ra2 49. Kb3 Ra8 50. Kc4 Kf7 51. f3 h5 52. Rc6 Rad8 53. Nb4 h4 54. Kc5 Kg7 55. d6 Kf6 56.
Kd5 e4 57. fxe4 fxe4 58. Kxe4 Rxd6 59. Rxd6+ Rxd6 60. Nd5+ Kg5 61. Ne3 Ra6 62. Kf3 Ra3 63. Ke4 Ra4+ 64. Kf3 Rf4+ 65. Ke2 Rf8 66. Ng4 Kf4 67.
Kf2 Ra8 68. Nh2 Ra2+ 69. Kg1 g5 70. Nf1 Ra1 71. Kf2 Ra2+ 72. Kg1 Ke4 73. Nh2 Ke3 74.
Nf3 Ra1+ 75. Kh2 Kf4 76. Ng1 Rf1 77. Nf3 Rxf3 78. gxf3 Kxf3 79. Kh1 Kg3 80. Kg1 Kxh3 81. Kh1 g4 82. Kg1 g3 83. Kh1 Kg4 84. Kg1 h3 85. Kh1 Kf3 86. Kg1 h2+ 87. Kh1 g2+ 88. Kxh2 Kf2 0-1